 Dungeon Crawl Stone Soup version 0.31.0-9-g3a7656b989 (webtiles) character file.

Game seed: 5280040846529971186

154 qw the Skirmisher (level 5, -1/29 HPs)
             Began as a Deep Elf Hunter on Feb 2, 2024.
             Incinerated by a bombardier beetle (3 damage)
             ... with a burning spray
             ... on level 4 of the Dungeon.
             The game lasted 00:00:09 (2277 turns).

qw the Skirmisher (Deep Elf Hunter)                 Turns: 2277, Time: 00:00:09

Health: -1/29      AC: 15    Str: 10    XL:     5   Next: 13%
Magic:  7/7        EV:  9    Int: 14    God:
Gold:   160        SH:  0    Dex: 18    Spells: 4/4 levels left

rFire   + . .        a - +1 shortbow
rCold   . . .        (shield currently unavailable)
rNeg    . . .        b - +2 scale mail {rF+}
rPois   .            i - +0 helmet
rElec   .            (no cloak)
rCorr   .            e - +1 pair of gloves
SInv    .            (no boots)
Will    .....        (no amulet)
Stlth   +            h - +4 ring of protection
HPRegen 0.24/turn    (no ring)
MPRegen 0.10/turn

%: no passive effects
@: on fire, glowing
A: no striking features
a: no special abilities


You were on level 4 of the Dungeon.
You visited 1 branch of the dungeon, and saw 4 of its levels.

You collected 160 gold pieces.


   Skills:
 - Level 1.5 Fighting
 + Level 8.2 Ranged Weapons
 - Level 1.2 Armour
 - Level 2.4 Dodging
 - Level 1.2 Stealth


You had 4 spell levels left.
You didn't know any spells.
Your spell library was empty.

Inventory:

Hand Weapons
 a - a +1 shortbow (weapon)
Armour
 b - a +2 scale mail of fire resistance (worn)
 e - a +1 pair of gloves (worn)
 i - a +0 helmet (worn)
Jewellery
 g - a ring of ice
 h - a +4 ring of protection (left hand)
Potions
 d - a potion of mutation {unknown}
 f - 2 potions of curing
 l - a potion of enlightenment

Dungeon Overview and Level Annotations

Branches:
Dungeon (4/15)             Temple (0/1) D:4

Altars:
Ashenzari
Qazlal
Zin

Shops:
D:4 *


Message History

The bombardier beetle sprays incendiary fluid at you.
The burning spray hits you.
You are even more covered in liquid fire!
You shoot an arrow. The arrow hits the bombardier beetle.
You kill the bombardier beetle!
The liquid fire burns you!
Your Armour skill increases to level 1!
You have reached level 5!
You are on fire!
The liquid fire burns you!
You are on fire!
The liquid fire burns you!
You are on fire!
The liquid fire burns you!
You are on fire!
The liquid fire burns you!
You are on fire!
The liquid fire burns you!
You are on fire!
The liquid fire burns you!
You are on fire!
The liquid fire burns you!
You are on fire!
The liquid fire burns you!
You are on fire!
The liquid fire burns you!
You are on fire!
The liquid fire burns you!
You are on fire!
The liquid fire burns you!
You are on fire!
The liquid fire burns you!
You are on fire!
The liquid fire burns you!
You are on fire!
The liquid fire burns you!
You are on fire!
The liquid fire burns you!
You are on fire!
The liquid fire burns you!
You die...

##.... .8.#.#
.....# .>.8.#
..... ##.8.#...
#...$...# ##@#
##..# #
###..#####.# .
#........#.#.#
####.#..........#
...............#
.####.....[....#.
#....<.......
#.........###


There were no monsters in sight!

Vanquished Creatures
  A bombardier beetle (D:4)
  4 adders
  2 dart slugs (D:3)
  4 ribbon worms
  6 endoplasms
  3 giant cockroaches
  8 goblins
  7 hobgoblins
  12 jackals
  2 quokkas
  3 ball pythons (D:1)
  A bat (D:1)
  4 frilled lizards
  3 kobolds
  5 rats
65 creatures vanquished.

Notes
Turn   | Place    | Note
-------+----------+-------------------------------------------
     0 | D:1      | qw the Deep Elf Hunter began the quest for the Orb.
     0 | D:1      | Reached XP level 1. HP: 12/12 MP: 3/3
     0 | D:1      | 0 ||| qw: Version: 0.3-a-155-g5e7d8dd
     0 | D:1      | 0 ||| qw: Game counter: 2193
     0 | D:1      | 0 ||| qw: Melee chars always use a shield: true
     0 | D:1      | 0 ||| qw: God list: Okawaru
     0 | D:1      | 0 ||| qw: Allow faded altars: false
     0 | D:1      | 0 ||| qw: Do Orc after clearing Dungeon:15 true
     0 | D:1      | 0 ||| qw: Do second Lair branch before Depths: true
     0 | D:1      | 0 ||| qw: Lair rune preference: random
     0 | D:1      | 0 ||| qw: Goals: Normal
     0 | D:1      | 0 ||| PLANNING D:1-11
   115 | D:1      | Reached XP level 2. HP: 16/16 MP: 4/4
   129 | D:1      | Reached skill level 6 in Ranged Weapons
   546 | D:1      | 546 ||| DROPPING ring of wizardry.
   547 | D:1      | 547 ||| UPGRADING to +4 ring of protection.
   548 | D:1      | 548 ||| READING scroll labelled VOTOIX COHO.
   552 | D:1      | 552 ||| READING scroll labelled ETRAEGIUPN.
   653 | D:1      | 653 ||| READING scroll labelled GYFEWKE RATO.
   654 | D:1      | 654 ||| READING scroll labelled KODI XOTHRU.
   655 | D:1      | 655 ||| DROPPING scroll of butterflies.
   657 | D:1      | 657 ||| Stepping ~*~*~tactically~*~*~ (cloud).
   661 | D:1      | HP: 4/16 [poisoned by you (poison gas)]
   804 | D:2      | Reached XP level 3. HP: 15/20 MP: 5/5
   983 | D:2      | Reached skill level 7 in Ranged Weapons
  1158 | D:2      | Reached XP level 4. HP: 25/25 MP: 6/6
  1472 | D:2      | 1472 ||| UPGRADING to +2 scale mail of fire resistance.
  1482 | D:2      | 1482 ||| DROPPING +0 leather armour.
  1483 | D:2      | 1483 ||| UPGRADING to +0 helmet.
  1488 | D:2      | 1488 ||| READING scroll labelled PISSIPP CUOHID.
  1489 | D:2      | 1489 ||| READING 2 scrolls labelled UMUBLE TUNE.
  1489 | D:2      | 1489 ||| IDENTIFYING viscous silvery potion
  1490 | D:2      | 1490 ||| READING scroll of identify.
  1490 | D:2      | 1490 ||| IDENTIFYING 2 viscous cyan potions
  1491 | D:2      | 1491 ||| READING scroll labelled BEMMELU GYNT.
  1491 | D:2      | 1491 ||| ENCHANTING +0 shortbow.
  1640 | D:3      | Found a stormy altar of Qazlal.
  1937 | D:3      | Reached skill level 8 in Ranged Weapons
  2115 | D:3      | Found a glowing silver altar of Zin.
  2138 | D:3      | Found a broken altar of Ashenzari.
  2224 | D:3      | 2224 ||| UPGRADING to +1 pair of gloves.
  2229 | D:3      | 2229 ||| READING scroll labelled UMINEM ZEOSY.
  2248 | D:4      | Found Gozag's Platinum Reserve.
  2252 | D:4      | Found a staircase to the Ecumenical Temple.
  2253 | D:4      | 2253 ||| PLANNING TEMPLE
  2262 | D:4      | Reached skill level 1 in Armour
  2262 | D:4      | Reached XP level 5. HP: 27/29 MP: 7/7
  2273 | D:4      | HP: 7/29 [burnt (2)]
  2275 | D:4      | HP: 3/29 [burnt (2)]
  2276 | D:4      | HP: 1/29 [burnt (2)]
  2277 | D:4      | Incinerated by a bombardier beetle

Levels and vault maps discovered:
D:1:      onia_arrival_mini_maze_b, layout_rooms
D:2:      layout_loops_ring
D:3:      layout_loops_ring, mainiacjoe_overflow_24_doors, jmf_multi_god_temple2
D:4:      layout_rooms, nicolae_gozag_zags_fifth_avenue,
          minmay_temple_entry_statues_pillars, chequers_serial_rivers_marsh,
          patterned_corridor

Skill      XL: |  1  2  3  4 |
---------------+-------------+-----
Ranged Weapons | 6 7 8 |  8.2
Armour         | 1 |  1.2
Fighting       | |  1.5
Dodging        | |  2.4
Stealth        | |  1.2

Action                     |  1- 3 |  4- 6 || total
---------------------------+-------+-------++-------
   Fire: Shortbow          |    96 |    92 ||   188
    Use: Scroll            |     4 |     5 ||     9
 Armour: Leather armour    |    17 |     1 ||    18
         Scale mail        |       |    35 ||    35
  Dodge: Dodged            |    22 |    28 ||    50

Table legend:
 A = Non-vault XP
 B = Vault XP
 C = Vault XP percentage of total XP
 D = Non-vault monster count
 E = Vault monster count
 F = Vault count percentage of total count
                 A         B        C        D         E       F
            +---------+---------+-------+---------+---------+-------
      Total |     213 |       8 |   3.6 |      62 |       3 |   4.6
            +---------+---------+-------+---------+---------+-------
        D:1 |      35 |       2 |   5.4 |      21 |       1 |   4.5
        D:2 |      64 |       0 |   0.0 |      19 |       0 |   0.0
        D:3 |      66 |       6 |   8.3 |      21 |       2 |   8.7
        D:4 |      48 |       0 |   0.0 |       1 |       0 |   0.0
            +---------+---------+-------+---------+---------+-------
